 Dungeon Crawl Stone Soup version 0.25-a0-356-g7c9d860b3b (webtiles) character file.

Game seed: 11039984707578396955, levelgen mode: deterministic

42 Borgoz the Cudgeler (level 3, -1/22 HPs)
             Began as a Gargoyle Gladiator on Jan 3, 2020.
             Slain by Sigmund
             ... wielding a +0 scythe
              (9 damage)
             ... on level 2 of the Dungeon.
             The game lasted 00:01:29 (1040 turns).

Borgoz the Cudgeler (Gargoyle Gladiator)            Turns: 1040, Time: 00:01:29

Health: -1/22      AC:  9    Str: 17    XL:     3   Next: 56%
Magic:  3/3        EV: 17    Int:  8    God:
Gold:   11         SH:  0    Dex: 17    Spells: 2/2 levels left

rFire    + . .     SeeInvis .   a - +0 flail
rCold    + . .     Gourm    .   (no shield)
rNeg     + . .     Faith    .   l - +0 ring mail
rPois    ∞         Spirit   .   c - +0 helmet
rElec    +         Reflect  .   (no cloak)
rCorr    +         Harm     .   (no gloves)
MR       .....                  (no boots)
Stlth    +.........             (no amulet)
HPRegen  0.07/turn              b - ring of attention (curse)
MPRegen  0.08/turn              (no ring)

@: agile, resistant
A: negative energy resistance 1, electricity resistance, unbreathing,
petrification resistance, rot immunity, AC +3
a: no special abilities


You were on level 2 of the Dungeon.
You were hungry.

You visited 1 branch of the dungeon, and saw 2 of its levels.

You collected 11 gold pieces.

Inventory:

Hand Weapons
 a - a +0 flail (weapon)
Missiles
 d - 3 throwing nets (quivered)
Armour
 c - a +0 helmet (worn)
 l - a +0 ring mail (worn)
Jewellery
 b - a cursed ring of attention (left hand)
 h - a cursed ring of teleportation {unknown}
Scrolls
 e - 3 scrolls of teleportation {unknown}
 g - 2 scrolls of identify {unknown}
 j - a scroll of immolation {unknown}
Comestibles
 f - 2 rations


   Skills:
 + Level 2.7 Fighting
 * Level 3.8 Maces & Flails
 - Level 1.7 Throwing
 + Level 1.4 Armour
 - Level 2.4 Dodging


You had 2 spell levels left.
You didn't know any spells.
Your spell library was empty.

Dungeon Overview and Level Annotations

Branches:
Dungeon (2/15)

Altars:

Annotations:
D:2 Sigmund


Innate Abilities, Weirdness & Mutations

You are resistant to torment.
Your stone body is resilient. (AC +3)
You are immune to poison.
You resist negative energy. (rN+)
You are resistant to electric shocks. (rElec)
You can survive without breathing.
You are immune to petrification.
You are immune to rotting.


Message History

Sigmund casts a spell.
Sigmund flickers and vanishes!
Deactivating autopickup; reactivate with Ctrl-A.
You miss something. The adder closely misses you. Something hits you!
The adder misses you.
You hit something. The adder bites you but does no damage.
Something hits you but does no damage.
You miss something. The adder bites you.
The adder bites you but does no damage.
You hear some strange, mumbled words.
Something tries to affect you, but you resist.
You hit something. The adder bites you but does no damage.
Something hits you but does no damage. The adder barely misses you.
It was a potion of resistance.
You feel protected. The adder bites you but does no damage.
It was a potion of agility.
You feel agile all of a sudden. Something hits you!
You die...

#.## #[.. ..# #.# #.##
. #..#.######...
###.###.#....... ..##
##{.# ###.###@#.###
#..#S##...
#.#.###..###.#
..######.........†..#
..........####.>#####
#.######†.####..#
#.........†...########
#.####..####<......^..
...###..# ##..#######


You could see an adder.

Vanquished Creatures
  2 dart slugs (D:1)
  2 leopard geckos (D:1)
  A ball python (D:1)
  4 bats
  2 giant cockroaches (D:1)
  3 goblins (D:1)
  5 hobgoblins (D:1)
  4 jackals (D:1)
  A frilled lizard (D:1)
  5 kobolds
  5 rats
34 creatures vanquished.

Notes
Turn   | Place    | Note
-------+----------+-------------------------------------------
     0 | D:1      | Borgoz the Gargoyle Gladiator began the quest for the Orb.
     0 | D:1      | Reached XP level 1. HP: 12/12 MP: 1/1
   180 | D:1      | Reached XP level 2. HP: 18/18 MP: 2/2
   213 | D:1      | Reached skill level 1 in Armour
   443 | D:1      | Reached XP level 3. HP: 20/22 MP: 3/3
  1012 | D:2      | Noticed Sigmund
  1040 | D:2      | Slain by Sigmund

Levels and vault maps discovered:
D:1:      eino_arrival_cavern_a, layout_basic
D:2:      layout_loops_ring, uniq_sigmund, uniq_jessica

Skill      XL: |  1  2 |
---------------+-------+-----
Armour         | 1 |  1.4
Fighting       | |  2.7
Maces & Flails | |  3.8
Throwing       | |  1.7
Dodging        | |  2.4

Action                   || total
-------------------------++-------
Melee: Flail             ||   113
  Use: Potion            ||     2
Armor: Leather armour    ||    39
       Ring mail         ||    29
Dodge: Dodged            ||    94

Table legend:
 A = Non-vault XP
 B = Vault XP
 C = Vault XP percentage of total XP
 D = Non-vault monster count
 E = Vault monster count
 F = Vault count percentage of total count
                 A         B        C        D         E       F
            +---------+---------+-------+---------+---------+-------
      Total |      61 |       0 |   0.0 |      34 |       0 |   0.0
            +---------+---------+-------+---------+---------+-------
        D:1 |      58 |       0 |   0.0 |      31 |       0 |   0.0
        D:2 |       3 |       0 |   0.0 |       3 |       0 |   0.0
            +---------+---------+-------+---------+---------+-------
